 Dungeon Crawl Stone Soup version 0.29-a0-43-g62a80824bf (webtiles) character file.

Game seed: 8042292516458018377

44 soggyman666 the Magician (level 3, -9/25 HPs)
             Began as a Djinni Fire Elementalist on Feb 2, 2022.
             Mangled by Crazy Yiuf (11 damage)
             ... on level 2 of the Dungeon.
             The game lasted 00:02:59 (2324 turns).

soggyman666 the Magician (Djinni Fire Elementalist) Turns: 2324, Time: 00:03:03

Health: -9/25      AC:  2    Str:  7    XL:     3   Next: 85%
Gold:   105        EV: 12    Int: 18    God:
                   SH:  0    Dex: 13

rFire   + + .      SeeInvis .   c - staff of conjuration
rCold   x . .      Faith    .   (no shield)
rNeg    . . .      Spirit   .   a - +0 robe
rPois   ∞          Reflect  .   (no helmet)
rElec   .          Harm     .   (no cloak)
rCorr   .          Rampage  .   (no gloves)
Will    .....                   (boots unavailable)
Stlth   ++........              (no amulet)
HPRegen 0.08/turn               (no ring)
MPRegen 0.00/turn               (no ring)

@: flying, very slightly contaminated
A: sickness immunity, fire resistance 2, cold vulnerability 1, float, innate
caster, HP casting, extra vitality 1
a: no special abilities


You were on level 2 of the Dungeon.
You visited 1 branch of the dungeon, and saw 2 of its levels.

You collected 105 gold pieces.

Inventory:

Hand Weapons
 b - a +0 dagger
Armour
 a - a +0 robe (worn)
Magical Staves
 c - a staff of conjuration (weapon)
Jewellery
 e - a +4 ring of evasion
Scrolls
 d - a scroll of magic mapping


   Skills:
 * Level 2.4 Dodging
 * Level 1.8 Stealth
 + Level 3.3 Spellcasting


You couldn't memorise any spells.
You knew the following spells:

 Your Spells              Type           Power      Damage    Failure   Level
a - Foxfire               Conj/Fire      88%        2x1d8     4%          1
b - Scorch                Fire           30%        2d6       6%          2
c - Conjure Flame         Conj/Fire      22%        6-21      12%         3
d - Inner Flame           Hex/Fire       15%        N/A       12%         3
e - Flame Wave            Conj/Fire      22%        2d7       36%         4
f - Magic Dart            Conj           88%        1d7       4%          1
Your spell library was empty.

Dungeon Overview and Level Annotations

Branches:
Dungeon (2/15)

Altars:

Annotations:
D:2 1 runed translucent door, Crazy Yiuf


Innate Abilities, Weirdness & Mutations

You are immune to sickness and miasma.
You are immune to poison.
Your flesh is very heat resistant. (rF++)
You are vulnerable to cold. (rC-)
You float through the air rather than walking.
You learn spells naturally, not from books.
Your magical power is your life essence.
You have superior vitality. (+4 MHP)


Message History

The foxfire hits the gnoll but does no damage.
The gnoll is lightly wounded.
You feel a surge of power!
You conjure some foxfire!
The foxfire hits the gnoll.
The gnoll is moderately wounded.
The foxfire hits the gnoll but does no damage.
The gnoll is moderately wounded.
You are too injured to fight recklessly!
You are too injured to fight recklessly!
You are too injured to fight recklessly!
You are too injured to fight recklessly!
Unknown command.
There are monsters nearby!
Casting: Foxfire (safe; 4% risk of failure)
Confirm with . or Enter, or press ? or * to list all spells.
You miscast Scorch.
You are very lightly contaminated with residual magic.
Nothing appears to happen.
The foxfire hits the gnoll but does no damage.
The gnoll is moderately wounded.
The foxfire hits the gnoll.
The gnoll is heavily wounded.
The gnoll hits you but does no damage.
Casting: Scorch (safe; 6% risk of failure)
Confirm with . or Enter, or press ? or * to list all spells.
Flames lash the gnoll.
The gnoll is heavily wounded.
The gnoll's fire resistance burns away.
A gnoll comes into view. It is wielding a +0 flail.
The gnoll barely misses you.
As you read the scroll labelled NUUCWA TEJAR, it crumbles to dust.
You feel strangely unstable.
It was a scroll of teleportation.
The gnoll hits you with a +0 flail!
* * * LOW HITPOINT WARNING * * *
Your surroundings suddenly seem different.
Crazy Yiuf the Enlightened comes into view.
He is wielding a +4 quarterstaff of chaos and carrying a wand of digging (7).
Found a mace.
Found a runed translucent door.
Crazy Yiuf shouts!
Crazy Yiuf hits you with a +4 quarterstaff of chaos!
You die...

#####
#.@)#
#.+..g#
#..##...#
#.# #####
#


You could see Crazy Yiuf.

Vanquished Creatures
  2 dart slugs (D:1)
  An endoplasm (D:1)
  5 giant cockroaches
  4 goblins
  4 hobgoblins
  2 quokkas
  4 ball pythons (D:1)
  6 bats
  2 frilled lizards
  2 kobolds (D:1)
  3 rats
35 creatures vanquished.

Vanquished Creatures (others)
  217 foxfires
217 creatures vanquished.

Grand Total: 252 creatures vanquished

Notes
Turn   | Place    | Note
-------+----------+-------------------------------------------
     0 | D:1      | soggyman666 the Djinni Fire Elementalist began the quest
                  | for the Orb.
     0 | D:1      | Reached XP level 1. HP: 15/15 MP: 0/0
   293 | D:1      | Reached XP level 2. HP: 17/21 MP: 0/0
   530 | D:1      | Found a faded altar of an unknown god.
   693 | D:1      | Reached skill level 3 in Spellcasting
   965 | D:1      | Reached XP level 3. HP: 22/25 MP: 0/0
   965 | D:1      | Learned a level 1 spell: Magic Dart
  2321 | D:2      | HP: 1/25 [gnoll (7)]
  2324 | D:2      | Found a runed translucent door.
  2324 | D:2      | Noticed Crazy Yiuf
  2324 | D:2      | Mangled by Crazy Yiuf

Illustrated notes

Levels and vault maps discovered:
D:1:      sevenhm_arrival_forest_fort_large_4, layout_rooms,
          hellmonk_ecumenical_altar_prayer_group, kennysheep_decorative_pillar
D:2:      layout_rooms, minmay_heptomino_o4, uniq_crazy_yiuf_cottage

Skill      XL: |  1  2 |
---------------+-------+-----
Spellcasting   | 3 |  3.3
Dodging        | |  2.4
Stealth        | |  1.8

Action                   || total
-------------------------++-------
 Cast: Foxfire           ||   127
       Scorch            ||     1
  Use: Scroll            ||     3
Armor: Robe              ||     2
Dodge: Dodged            ||     8

Table legend: (Time is in decaauts)
 A = Elapsed time spent in this place.
 B = Non-inter-level travel time spent in this place.
 C = Inter-level travel time spent in this place.
 D = Time resting spent in this place.
 E = Time spent auto-exploring this place.
 F = Levels seen in this place.
 G = Mean time per level.
                   A        B        C        D        E       F      G
               +--------+--------+--------+--------+--------+-----+--------+
         Total |   2322 |   2238 |     84 |      0 |   2017 |   2 | 1161.0 |
       Dungeon |   2322 |   2238 |     84 |      0 |   2017 |   2 | 1161.0 |
               +--------+--------+--------+--------+--------+-----+--------+

Top non-repeatable levels by time:
     D:1: 1854 daAuts
     D:2: 468 daAuts
